Map: Orbital Shipyard

Players

Bia

  • Race: Protoss Protoss
  • League: Diamond

LilDicky - Winner!

  • Race: Terran Terran
  • League: Diamond

VOD

http://www.twitch.tv/tumescentpie

Description

Time

  • Played on: Dec. 7, 2015, 9:14 p.m.
  • Length: 5:55
Show
View Real Time Build Order
Export as new Build Order

Bia Protoss 

Build Orders: 1 Gate Expand 

Get SALT Encoding   

  12  0:01  Probe (Chrono Boost)  
  13  0:11  Probe (Chrono Boost)  
  14  0:20  Pylon  
  14  0:22  Probe (Chrono Boost)  
  15  0:38  Probe (Chrono Boost)  
  15  0:39  Gateway  
  16  0:49  Probe (Chrono Boost)  
  17  0:50  Assimilator  
  17  0:59  Probe (Chrono Boost)  
  18  1:10  Probe (Chrono Boost)  
  19  1:22  Nexus  
  19  1:31  Cybernetics Core  
  19  1:34  Probe (Chrono Boost)  
  20  1:40  Assimilator  
  20  1:45  Probe (Chrono Boost)  
  21  1:54  Pylon  
  21  1:55  Probe (Chrono Boost)  
  22  2:06  Probe (Chrono Boost)  
  22  2:07  Warp Gate  
  23  2:17  Mothership Core (Chrono Boost)  
  25  2:31  Robotics Facility  
  25  2:35  Adept  
  25  2:36  Probe (Chrono Boost)  
  28  2:40  Probe (Chrono Boost)  
  29  2:47  Probe (Chrono Boost)  
  30  2:55  Probe (Chrono Boost)  
  30  2:57  Probe (Chrono Boost)  
  33  3:05  Probe (Chrono Boost)  
  33  3:11  Gateway  
  33  3:12  Twilight Council  
  33  3:18  Observer  
  34  3:23  Gateway  
  34  3:42  Probe (Chrono Boost)  
  35  3:55  Pylon  
  35  3:57  Probe x2 (Chrono Boost)  
  37  4:07  Assimilator  
  37  4:08  Probe (Chrono Boost)  
  38  4:13  Stalker  
  38  4:14  Stalker  
  42  4:20  Probe (Chrono Boost)  
  42  4:22  Probe (Chrono Boost)  
  44  4:26  Assimilator  
  44  4:27  Pylon  
  44  4:30  Probe (Chrono Boost), Observer  
  46  4:33  Probe (Chrono Boost)  
  47  4:41  Probe (Chrono Boost)  
  47  4:43  Probe (Chrono Boost)  
  49  4:50  Stalker x2  
  49  4:51  Probe (Chrono Boost)  
  54  4:54  Probe (Chrono Boost)  
  56  5:00  Observer  
  56  5:02  Probe (Chrono Boost)  
  56  5:04  Probe (Chrono Boost)  
  56  5:05  Nexus  
  56  5:06  Pylon  
  58  5:07  Pylon  
  58  5:12  Probe (Chrono Boost)  
  59  5:16  Stalker  
  61  5:22  Pylon  
  61  5:23  Pylon  
  65  5:38  Stalker x2  
Show
View Real Time Build Order
Export as new Build Order

LilDicky Terran - Winner!

Build Orders: MMM Bio 

Get SALT Encoding   

  12  0:01  SCV  
  13  0:13  SCV  
  14  0:18  Supply Depot  
  14  0:25  SCV  
  14  0:28  Refinery  
  15  0:40  SCV  
  16  0:46  Barracks  
  16  0:52  SCV  
  17  1:04  SCV  
  18  1:14  Supply Depot  
  18  1:16  SCV  
  19  1:28  SCV  
  20  1:37  Marine  
  21  1:41  Factory  
  22  1:48  Orbital Command  
  21  1:57  Marine  
  22  2:05  Barracks x2  
  22  2:11  Refinery  
  22  2:13  SCV  
  23  2:18  Barracks Reactor  
  23  2:29  SCV  
  24  2:32  Supply Depot  
  24  2:45  SCV  
  25  2:55  Supply Depot, Widow Mine  
  27  3:07  SCV, Barracks Tech Lab x2, Marine x2  
  29  3:18  Supply Depot  
  29  3:19  SCV  
  30  3:25  Combat Shields, Marine x2  
  30  3:26  Stimpack  
  32  3:33  Marine  
  32  3:34  Marine  
  36  3:39  Starport  
  36  3:44  Marine  
  36  3:45  Marine  
  37  3:48  SCV  
  35  3:55  Marine x2  
  35  3:58  Supply Depot  
  35  4:00  SCV  
  38  4:14  Marauder x2, Marine x2  
  44  4:20  Medivac  
  46  4:26  Supply Depot  
  46  4:27  SCV  
  47  4:32  Marine x2  
  47  4:36  Marauder  
  51  4:40  Marauder  
  53  4:50  Concussive Shells  
  53  4:54  Medivac  
  53  4:57  Marauder  
  57  5:01  Marauder  
  57  5:06  Supply Depot  
  59  5:11  Marine x2  
  61  5:23  Marauder  
  65  5:28  Marauder  
  65  5:29  Marine  
Tags
 
Add a new tag
Caveats
  • Supply blocks, unpowered buildings, or Contaminate may cause inaccurate times.
  • Supply counts are checked every 10 seconds.